MLB
SAN FRANCISCO GIANTS @ LOS ANGELES DODGERS
02/23/2020
 
TOP OF THE 1ST
San Francisco Giants batting - Pitching for Los Angeles Dodgers : RHP Mike Foltynewicz
Pitching: RHP Mike Foltynewicz
Batting: LHB Travis Jankowski 0-0: Bunt for hit to 23 - play at first, batter safe!
Batting: LHB Cavan Biggio 0-0: Called Strike
Travis Jankowski steals 2nd base
0-1: Foul Ball, location: 2F
0-2: Ball
1-2: Ground out 6-3 (Groundball, 6M, EV 83.1 MPH)
Travis Jankowski to third
Batting: SHB Dexter Fowler 0-0: Ball
1-0: Fly out, F8 (Flyball, 8RM, EV 93.1 MPH)
Runner from 3rd tags up, OUT at HOME! 8-2
Top of the 1st over - 0 runs, 1 hit, 0 errors, 0 left on base; San Francisco 0 - Los Angeles 0
BOTTOM OF THE 1ST
Los Angeles Dodgers batting - Pitching for San Francisco Giants : RHP Jordan Yamamoto
Pitching: RHP Jordan Yamamoto
Batting: RHB Jose Peraza 0-0: Foul Ball, location: 2F
0-1: Ball
1-1: Reached on error, E6 (Groundball, 6, EV 88.8 MPH)
Batting: RHB Mookie Betts 0-0: Ball
1-0: Ball
2-0: Ball
3-0: Called Strike
3-1: Called Strike
3-2: Base on Balls
Batting: LHB Michael Brantley 0-0: Fly out, F5 (Popup, 6S, EV 65.0 MPH)
Batting: SHB Eduardo Escobar 0-0: Swinging Strike
0-1: Foul Ball, location: 2F
0-2: Foul Ball, location: 2F
0-2: Ball
1-2: Foul Ball, location: 2F
1-2: Grounds into double play, 6-4-3 (Groundball, 6, EV 87.5 MPH)
Bottom of the 1st over - 0 runs, 0 hits, 1 error, 1 left on base; San Francisco 0 - Los Angeles 0
TOP OF THE 2ND
San Francisco Giants batting - Pitching for Los Angeles Dodgers : RHP Mike Foltynewicz
Batting: RHB Welington Castillo 0-0: Ball
1-0: Called Strike
1-1: Called Strike
1-2: Ball
2-2: Foul Ball, location: 2F
2-2: Foul Ball, location: 2F
2-2: Fly out, F5 (Popup, 5SF, EV 74.4 MPH)
Batting: RHB Hunter Dozier 0-0: Called Strike
0-1: Foul Ball, location: 2F
0-2: Ball
1-2: Ball
2-2: Ball
3-2: SINGLE (Line Drive, 6D, EV 103.1 MPH)
Batting: RHB Austin Slater 0-0: Ball
1-0: Ball
2-0: Foul Ball, location: 2F
2-1: Swinging Strike
2-2: Ball
3-2: Foul Ball, location: 2F
3-2: Ground out 1-3 (Groundball, P, EV 82.5 MPH)
Hunter Dozier to second
Batting: RHB Tim Anderson 0-0: Ball
1-0: Ball
2-0: Swinging Strike
2-1: Ball
3-1: SINGLE (Groundball, 6MD, EV 100.6 MPH)
Hunter Dozier to third
Runner from 3rd tries for Home, SAFE, throw by CF to home
Batting: RHB Ke'Bryan Hayes 0-0: Ball
1-0: Ball
2-0: Swinging Strike
2-1: Called Strike
2-2: Ground out 5-3 (Groundball, 56S, EV 65.6 MPH)
Top of the 2nd over - 1 run, 2 hits, 0 errors, 1 left on base; San Francisco 1 - Los Angeles 0
BOTTOM OF THE 2ND
Los Angeles Dodgers batting - Pitching for San Francisco Giants : RHP Jordan Yamamoto
Batting: RHB Randal Grichuk 0-0: Called Strike
0-1: Called Strike
0-2: Ball
1-2: Ball
2-2: Foul Ball, location: 2F
2-2: Foul Ball, location: 2F
2-2: Fly out, F9 (Line Drive, 9, EV 93.8 MPH)
Batting: RHB Jonathan Schoop 0-0: Fly out, F7 (Flyball, 7, EV 91.9 MPH)
Batting: LHB Ji-man Choi 0-0: Ball
1-0: Ball
2-0: Ball
3-0: Base on Balls
Batting: RHB Mike Zunino 0-0: Ground out 2-3 (Groundball, 2R, EV 72.5 MPH)
Bottom of the 2nd over - 0 runs, 0 hits, 0 errors, 1 left on base; San Francisco 1 - Los Angeles 0
TOP OF THE 3RD
San Francisco Giants batting - Pitching for Los Angeles Dodgers : RHP Mike Foltynewicz
Batting: RHB Jordan Yamamoto 0-0: Foul Ball, location: 2F
0-1: Ball
1-1: Ball
2-1: Foul Ball, location: 2F
2-2: Foul Ball, location: 2F
2-2: Ball
3-2: Strikes out looking
Batting: LHB Travis Jankowski 0-0: Ball
1-0: Ball
2-0: Called Strike
2-1: Swinging Strike
2-2: Foul Ball, location: 2F
2-2: Ball
3-2: Fly out, F7 (Flyball, 7, EV 88.8 MPH)
Batting: LHB Cavan Biggio 0-0: Called Strike
0-1: Foul Ball, location: 2F
0-2: Ball
1-2: Foul Ball, location: 2F
1-2: Ball
2-2: Ground out 6-3 (Groundball, 6M, EV 79.4 MPH)
Top of the 3rd over - 0 runs, 0 hits, 0 errors, 0 left on base; San Francisco 1 - Los Angeles 0
BOTTOM OF THE 3RD
Los Angeles Dodgers batting - Pitching for San Francisco Giants : RHP Jordan Yamamoto
Batting: RHB Mike Foltynewicz 0-0: Ball
1-0: Foul Ball, location: 2F
1-1: Ball
2-1: DOUBLE (Groundball, 5L, EV 106.9 MPH)
Batting: RHB Jose Peraza 0-0: Ball
1-0: Foul Ball, location: 2F
1-1: Foul Ball, location: 2F
1-2: Foul Ball, location: 2F
1-2: SINGLE (Line Drive, 56D, EV 107.5 MPH)
Mike Foltynewicz to third
Runner from 3rd tries for Home, SAFE, throw by LF to home
Batting: RHB Mookie Betts 0-0: Ball
1-0: Foul Ball, location: 2F
1-1: Ball
2-1: Fly out, F4 (Flyball, 34D, EV 73.1 MPH)
Batting: LHB Michael Brantley 0-0: Fly out, F9 (Line Drive, 9, EV 91.3 MPH)
Batting: SHB Eduardo Escobar 0-0: Ball
1-0: Ball
2-0: SINGLE (Groundball, 4MD, EV 101.9 MPH) (infield hit)
Jose Peraza to second
Batting: RHB Randal Grichuk 0-0: Ball
1-0: Called Strike
1-1: Swinging Strike
1-2: Strikes out swinging
Bottom of the 3rd over - 1 run, 3 hits, 0 errors, 2 left on base; San Francisco 1 - Los Angeles 1
TOP OF THE 4TH
San Francisco Giants batting - Pitching for Los Angeles Dodgers : RHP Mike Foltynewicz
Batting: SHB Dexter Fowler 0-0: Called Strike
0-1: Ball
1-1: Foul Ball, location: 2F
1-2: SOLO HOME RUN (Flyball, 9D, EV 107.5 MPH), Distance : 378 ft
Batting: RHB Welington Castillo 0-0: Called Strike
0-1: Ball
1-1: Ball
2-1: Fly out, F7 (Flyball, 7LM, EV 88.8 MPH)
Batting: RHB Hunter Dozier 0-0: Called Strike
0-1: Ball
1-1: DOUBLE (Line Drive, 7LM, EV 100.6 MPH)
Batting: RHB Austin Slater 0-0: Ball
1-0: Foul Ball, location: 2F
1-1: Foul Ball, location: 2F
1-2: Foul Ball, location: 2F
1-2: Foul Ball, location: 2F
1-2: Ball
Wild Pitch!
Hunter Dozier to third
2-2: Foul Ball, location: 2F
2-2: Ball
3-2: SINGLE (Groundball, 56D, EV 96.9 MPH)
Hunter Dozier scores
Batting: RHB Tim Anderson 0-0: Called Strike
0-1: Called Strike
0-2: Foul Ball, location: 2F
0-2: Foul Ball, location: 2F
0-2: Foul Ball, location: 2F
0-2: Foul Ball, location: 2F
0-2: Ball
1-2: Fielders Choice at 2nd, 5-4 (Groundball, 56, EV 102.5 MPH)
Batting: RHB Ke'Bryan Hayes 0-0: Ball
Tim Anderson steals 2nd base
1-0: Intentional Walk
Batting: RHB Jordan Yamamoto 0-0: Fly out, F3 (Flyball, 34D, EV 84.4 MPH)
Top of the 4th over - 2 runs, 3 hits, 0 errors, 2 left on base; San Francisco 3 - Los Angeles 1
BOTTOM OF THE 4TH
Los Angeles Dodgers batting - Pitching for San Francisco Giants : RHP Jordan Yamamoto
Batting: RHB Jonathan Schoop 0-0: SINGLE (Line Drive, 78S, EV 102.5 MPH)
Batting: LHB Ji-man Choi 0-0: Called Strike
0-1: Foul Ball, location: 2F
0-2: Foul Ball, location: 2F
0-2: SINGLE (Line Drive, 7S, EV 100.0 MPH)
Jonathan Schoop to second
Batting: RHB Mike Zunino 0-0: Called Strike
0-1: Ball
1-1: Called Strike
1-2: Strikes out swinging
Pinch Hitting: LHB Brett Gardner 0-0: Called Strike
0-1: Ball
1-1: Ball
2-1: Swinging Strike
2-2: Fielders Choice at 2nd, 4-6 (Groundball, 4, EV 106.9 MPH)
Jonathan Schoop to third
Batting: RHB Jose Peraza 0-0: Ball
1-0: Ground out 4-3 (Groundball, 4S, EV 90.0 MPH)
Bottom of the 4th over - 0 runs, 2 hits, 0 errors, 2 left on base; San Francisco 3 - Los Angeles 1
TOP OF THE 5TH
San Francisco Giants batting - Pitching for Los Angeles Dodgers : RHP Mike Foltynewicz
Pitching: RHP Jordan Guerrero
Batting: LHB Travis Jankowski 0-0: Ball
1-0: Called Strike
1-1: Bunt for hit to 23 - play at first, batter safe!
Batting: LHB Cavan Biggio 0-0: Ball
1-0: Swinging Strike
1-1: Ball
2-1: Called Strike
2-2: Strikes out swinging
Batting: SHB Dexter Fowler 0-0: Foul Ball, location: 2F
Balk!
Travis Jankowski to second
0-1: Foul Ball, location: 2F
0-2: SINGLE (Groundball, 34D, EV 105.6 MPH)
Travis Jankowski to third
Batting: RHB Welington Castillo 0-0: Ball
1-0: Ball
2-0: Ball
3-0: Base on Balls
Dexter Fowler to second
Batting: RHB Hunter Dozier 0-0: Swinging Strike
0-1: Ball
1-1: Called Strike
1-2: Ball
2-2: Foul Ball, location: 2F
2-2: Ball
3-2: Strikes out looking
Batting: RHB Austin Slater 0-0: Called Strike
0-1: Foul Ball, location: 2F
0-2: Ball
1-2: Ball
2-2: Foul Ball, location: 2F
2-2: Ground out 5-3 (Groundball, 5S, EV 86.3 MPH)
Top of the 5th over - 0 runs, 2 hits, 0 errors, 3 left on base; San Francisco 3 - Los Angeles 1
BOTTOM OF THE 5TH
Los Angeles Dodgers batting - Pitching for San Francisco Giants : RHP Jordan Yamamoto
Pitching: RHP Johan Oviedo
Now in LF: Luis Alexander Basabe
Batting: RHB Mookie Betts 0-0: Foul Ball, location: 2F
0-1: Ball
1-1: Foul Ball, location: 2F
1-2: Foul Ball, location: 2F
1-2: Foul Ball, location: 2F
1-2: Fly out, F7 (Line Drive, 7, EV 88.1 MPH)
Batting: LHB Michael Brantley 0-0: Called Strike
0-1: SINGLE (Flyball, 5D, EV 88.8 MPH)
Batting: SHB Eduardo Escobar 0-0: Ball
1-0: Ball
2-0: Called Strike
2-1: Fly out, F9 (Flyball, 9LM, EV 90.6 MPH)
Batting: RHB Randal Grichuk 0-0: Foul Ball, location: 2F
0-1: Ball
1-1: Fly out, F7 (Line Drive, 7, EV 100.6 MPH)
Bottom of the 5th over - 0 runs, 1 hit, 0 errors, 1 left on base; San Francisco 3 - Los Angeles 1
TOP OF THE 6TH
San Francisco Giants batting - Pitching for Los Angeles Dodgers : RHP Jordan Guerrero
Batting: RHB Tim Anderson 0-0: Ball
1-0: Ground out 5-3 (Groundball, 56, EV 81.3 MPH)
Batting: RHB Ke'Bryan Hayes 0-0: Ball
1-0: Ball
2-0: Ball
3-0: Called Strike
3-1: Base on Balls
Pitching: RHP Ryne Stanek
Batting: SHB Luis Alexander Basabe 0-0: Called Strike
0-1: Swinging Strike
0-2: Strikes out swinging
Pinch Hitting: LHB Estevan Florial 0-0: Ball
1-0: Foul Ball, location: 2F
1-1: Called Strike
1-2: Strikes out looking
Top of the 6th over - 0 runs, 0 hits, 0 errors, 1 left on base; San Francisco 3 - Los Angeles 1
BOTTOM OF THE 6TH
Los Angeles Dodgers batting - Pitching for San Francisco Giants : RHP Johan Oviedo
Now in CF: Estevan Florial
Batting: RHB Jonathan Schoop 0-0: Foul Ball, location: 2F
0-1: Foul Ball, location: 2F
0-2: Strikes out swinging
Batting: LHB Ji-man Choi 0-0: Ball
1-0: Ball
2-0: Ball
3-0: Swinging Strike
3-1: Base on Balls
Batting: RHB Mike Zunino 0-0: Called Strike
0-1: Ball
1-1: Ball
2-1: Foul Ball, location: 2F
2-2: Foul Ball, location: 2F
2-2: Foul Ball, location: 2F
2-2: Strikes out swinging
Pinch Hitting: LHB Franchy Cordero 0-0: Ball
1-0: Ball
2-0: Foul Ball, location: 2F
2-1: Foul Ball, location: 2F
2-2: Strikes out looking
Bottom of the 6th over - 0 runs, 0 hits, 0 errors, 1 left on base; San Francisco 3 - Los Angeles 1
TOP OF THE 7TH
San Francisco Giants batting - Pitching for Los Angeles Dodgers : RHP Ryne Stanek
Pitching: RHP Jean Carlos Mejia
Pinch Hitting: RHB Yairo Munoz 0-0: Ball
1-0: Called Strike
1-1: Ball
2-1: Foul Ball, location: 2F
2-2: Strikes out swinging
Pinch Hitting: RHB Bubba Starling 0-0: Ball
1-0: Ground out 5-3 (Groundball, 56S, EV 83.1 MPH)
Batting: RHB Welington Castillo 0-0: Called Strike
0-1: Foul Ball, location: 2F
0-2: Ball
1-2: Fly out, F7 (Line Drive, 7, EV 93.8 MPH)
Top of the 7th over - 0 runs, 0 hits, 0 errors, 0 left on base; San Francisco 3 - Los Angeles 1
BOTTOM OF THE 7TH
Los Angeles Dodgers batting - Pitching for San Francisco Giants : RHP Johan Oviedo
Pitching: RHP Carson Fulmer
Now at 2B: Yairo Munoz
Now in RF: Bubba Starling
Pinch Hitting: SHB Richard Urena 0-0: Ball
1-0: SINGLE (Line Drive, 8LS, EV 93.8 MPH)
Pinch Hitting: RHB Edward Olivares 0-0: Foul Ball, location: 2F
0-1: Ball
1-1: Fly out, F8 (Flyball, 8RD, EV 98.1 MPH)
Pinch Hitting: LHB Travis Blankenhorn 0-0: Ball
1-0: Called Strike
1-1: Foul Ball, location: 2F
1-2: 2-RUN HOME RUN (Flyball, 9D, EV 91.9 MPH), Distance : 391 ft
Batting: SHB Eduardo Escobar 0-0: Swinging Strike
0-1: Ball
1-1: Foul Ball, location: 2F
1-2: Ball
2-2: SINGLE (Groundball, 4MD, EV 100.0 MPH)
Pinch Hitting: RHB Michael Hermosillo 0-0: Called Strike
0-1: Swinging Strike
0-2: Strikes out swinging
Pinch Hitting: RHB C.J. Chatham 0-0: Called Strike
0-1: Foul Ball, location: 2F
0-2: Fly out, F7 (Flyball, 7LM, EV 86.3 MPH)
Bottom of the 7th over - 2 runs, 3 hits, 0 errors, 1 left on base; San Francisco 3 - Los Angeles 3
TOP OF THE 8TH
San Francisco Giants batting - Pitching for Los Angeles Dodgers : RHP Jean Carlos Mejia
Now at 2B: C.J. Chatham
Now at SS: Richard Urena
Now in LF: Travis Blankenhorn
Now in CF: Michael Hermosillo
Now in RF: Edward Olivares
Pinch Hitting: RHB Kevin Padlo 0-0: Ball
1-0: Ground out 6-3 (Groundball, 6, EV 86.9 MPH)
Pinch Hitting: LHB Daniel Palka 0-0: Ball
1-0: Swinging Strike
1-1: Ball
2-1: Foul Ball, location: 2F
2-2: Strikes out looking
Batting: RHB Tim Anderson 0-0: Swinging Strike
0-1: Fly out, F8 (Flyball, 8RD, EV 96.9 MPH)
Top of the 8th over - 0 runs, 0 hits, 0 errors, 0 left on base; San Francisco 3 - Los Angeles 3
BOTTOM OF THE 8TH
Los Angeles Dodgers batting - Pitching for San Francisco Giants : RHP Carson Fulmer
Pitching: LHP Brock Burke
Now at 1B: Kevin Padlo
Pinch Hitting: LHB Lewin Diaz 0-0: Ball
1-0: Swinging Strike
1-1: Called Strike
1-2: Ground out 4-3 (Groundball, 34, EV 80.0 MPH)
Pinch Hitting: LHB Meibrys Viloria 0-0: Ground out 4-3 (Groundball, 4, EV 99.4 MPH)
Pinch Hitting: RHB Jesus Aguilar 0-0: Ball
1-0: Ball
2-0: Called Strike
2-1: Foul Ball, location: 2F
2-2: Ground out 6-3 (Groundball, 56, EV 81.9 MPH)
Bottom of the 8th over - 0 runs, 0 hits, 0 errors, 0 left on base; San Francisco 3 - Los Angeles 3
TOP OF THE 9TH
San Francisco Giants batting - Pitching for Los Angeles Dodgers : RHP Jean Carlos Mejia
Pitching: RHP Scott Oberg
Now at C: Meibrys Viloria
Now at 1B: Lewin Diaz
Pinch Hitting: SHB Abraham Toro 0-0: Foul Ball, location: 2F
0-1: Reached on error, E3 (Groundball, 3, EV 82.5 MPH)
Batting: SHB Luis Alexander Basabe 0-0: Foul Ball, location: 2F
0-1: Ball
1-1: Called Strike
1-2: Strikes out swinging
Pinch Hitting: LHB Jesus Armando Sanchez 0-0: Ball
1-0: Called Strike
1-1: Foul Ball, location: 2F
1-2: Ball
2-2: Strikes out swinging
Batting: RHB Yairo Munoz 0-0: Ball
1-0: Called Strike
1-1: Swinging Strike
1-2: Strikes out looking
Top of the 9th over - 0 runs, 0 hits, 1 error, 1 left on base; San Francisco 3 - Los Angeles 3
BOTTOM OF THE 9TH
Los Angeles Dodgers batting - Pitching for San Francisco Giants : LHP Brock Burke
Now at 3B: Abraham Toro
Now in RF: Jesus Armando Sanchez
Batting: SHB Richard Urena 0-0: Fly out, F9 (Line Drive, 9, EV 99.4 MPH)
Batting: RHB Edward Olivares 0-0: Ball
1-0: Called Strike
1-1: Called Strike
1-2: Ball
2-2: Ball
3-2: Foul Ball, location: 2F
3-2: Foul Ball, location: 2F
3-2: Strikes out swinging
Batting: LHB Travis Blankenhorn 0-0: SINGLE (Line Drive, 3D, EV 102.5 MPH)
Batting: SHB Eduardo Escobar 0-0: Called Strike
0-1: Ball
1-1: Ball
2-1: Fielders Choice at 2nd, 6-4 (Groundball, 6, EV 80.0 MPH)
Bottom of the 9th over - 0 runs, 1 hit, 0 errors, 1 left on base; San Francisco 3 - Los Angeles 3
TOP OF THE 10TH
San Francisco Giants batting - Pitching for Los Angeles Dodgers : RHP Scott Oberg
Pitching: RHP Cody Allen
Batting: RHB Bubba Starling 0-0: Swinging Strike
0-1: Foul Ball, location: 2F
0-2: Strikes out looking
Pinch Hitting: RHB Ridge Smith 0-0: Called Strike
0-1: Ball
1-1: Foul Ball, location: 2F
1-2: Ball
2-2: Ball
3-2: Base on Balls
Batting: RHB Kevin Padlo 0-0: Ball
1-0: Foul Ball, location: 2F
1-1: Swinging Strike
1-2: Ground out U3 (Groundball, 3, EV 99.4 MPH)
Ridge Smith to second
Pinch Hitting: LHB Josh Palacios 0-0: Foul Ball, location: 2F
0-1: Foul Ball, location: 2F
0-2: Ball
Passed Ball!
Ridge Smith to third
1-2: Strikes out looking
Top of the 10th over - 0 runs, 0 hits, 0 errors, 1 left on base; San Francisco 3 - Los Angeles 3
BOTTOM OF THE 10TH
Los Angeles Dodgers batting - Pitching for San Francisco Giants : LHP Brock Burke
Pitching: RHP Carlos Alejandro Ramirez
Now at C: Ridge Smith
Batting: RHB Michael Hermosillo 0-0: Swinging Strike
0-1: Ball
1-1: Ground out 6-3 (Groundball, 6, EV 104.4 MPH)
Batting: RHB C.J. Chatham 0-0: Swinging Strike
0-1: Ball
1-1: Called Strike
1-2: Ball
2-2: Strikes out looking
Batting: LHB Lewin Diaz 0-0: SINGLE (Groundball, 6MD, EV 97.5 MPH)
Batting: LHB Meibrys Viloria 0-0: Ball
1-0: Ball
2-0: Swinging Strike
2-1: Foul Ball, location: 2F
2-2: Strikes out swinging
Bottom of the 10th over - 0 runs, 1 hit, 0 errors, 1 left on base; San Francisco 3 - Los Angeles 3
TOP OF THE 11TH
San Francisco Giants batting - Pitching for Los Angeles Dodgers : RHP Cody Allen
Batting: RHB Tim Anderson 0-0: Foul Ball, location: 2F
0-1: Called Strike
0-2: Ball
1-2: Ball
2-2: Foul Ball, location: 2F
2-2: Strikes out swinging
Batting: SHB Abraham Toro 0-0: Ball
1-0: Called Strike
1-1: Called Strike
1-2: Strikes out swinging
Batting: SHB Luis Alexander Basabe 0-0: Swinging Strike
0-1: Swinging Strike
0-2: Strikes out swinging
Top of the 11th over - 0 runs, 0 hits, 0 errors, 0 left on base; San Francisco 3 - Los Angeles 3
BOTTOM OF THE 11TH
Los Angeles Dodgers batting - Pitching for San Francisco Giants : RHP Carlos Alejandro Ramirez
Pitching: RHP Diego Castillo
Pinch Hitting: LHB Dom Nunez 0-0: Ball
1-0: Ball
2-0: Ball
3-0: Base on Balls
Batting: SHB Richard Urena 0-0: Foul Ball, location: 2F
0-1: Ball
1-1: Foul Ball, location: 2F
1-2: Strikes out swinging
Batting: RHB Edward Olivares 0-0: Called Strike
0-1: Ball
1-1: Foul Ball, location: 2F
1-2: Ball
2-2: Foul Ball, location: 2F
2-2: Strikes out swinging
Batting: LHB Travis Blankenhorn 0-0: Ball
1-0: Ball
2-0: Ball
3-0: Called Strike
3-1: Base on Balls
Dom Nunez to second
Batting: SHB Eduardo Escobar 0-0: Ball
1-0: Ball
2-0: 3-RUN HOME RUN (Flyball, 9D, EV 105.0 MPH), Distance : 379 ft
Bottom of the 11th over - 3 runs, 1 hit, 0 errors, 0 left on base; San Francisco 3 - Los Angeles 6
Friday, May 1st, 2020 - OOTP Baseball 21.3 Build 45